 Dungeon Crawl Stone Soup version 0.29-a0-40-g8eb35efe60 (webtiles) character file.

Game seed: 4254318683908226401

41 lonewolfV2 the Skirmisher (level 3, -5/33 HPs)
             Began as a Hill Orc Fighter on Feb 1, 2022.
             Slain by Sigmund (9 damage)
             ... on level 2 of the Dungeon.
             The game lasted 00:01:58 (1261 turns).

lonewolfV2 the Skirmisher (Hill Orc Fighter)        Turns: 1261, Time: 00:01:59

Health: -5/33      AC:  7    Str: 20    XL:     3   Next: 52%
Magic:  3/3        EV:  9    Int:  8    God:
Gold:   62         SH:  4    Dex: 10    Spells: 2/2 levels left

rFire   . . .      SeeInvis .   a - +0 war axe
rCold   . . .      Faith    .   c - +0 buckler
rNeg    . . .      Spirit   .   b - +0 scale mail
rPois   .          Reflect  .   (no helmet)
rElec   .          Harm     .   (no cloak)
rCorr   .          Rampage  .   (no gloves)
Will    .....                   (no boots)
Stlth   ..........              (no amulet)
HPRegen 0.11/turn               (no ring)
MPRegen 0.08/turn               (no ring)

@: no status effects
A: no striking features
a: no special abilities


You were on level 2 of the Dungeon.
You visited 1 branch of the dungeon, and saw 2 of its levels.

You collected 62 gold pieces.

Inventory:

Hand Weapons
 a - a +0 war axe (weapon)
Armour
 b - a +0 scale mail (worn)
 c - a +0 buckler (worn)


   Skills:
 + Level 4.2 Fighting
 + Level 3.3 Axes
 + Level 4.0 Armour
 + Level 0.1 Dodging
 + Level 3.5 Shields


You had 2 spell levels left.
You didn't know any spells.
Your spell library was empty.

Dungeon Overview and Level Annotations

Branches:
Dungeon (2/15)

Altars:

Annotations:
D:2 Sigmund


Message History

You closely miss the bat. The bat hits you.
* * * LOW HITPOINT WARNING * * *
The bat hits you but does no damage. You block the bat's attack.
You closely miss the bat. You block the bat's attack.
The bat hits you but does no damage.
You barely miss the bat. You block the bat's attack.
The bat hits you but does no damage.
You slash the bat!
You kill the bat!
You start resting.
You feel a little less mighty now.
You start resting.
You start resting.
HP restored.
You start waiting.
An endoplasm comes into view.
An endoplasm is nearby!
Found 8 gold pieces.
You now have 62 gold pieces (gained 8).
Found a stone staircase leading down.
Sigmund the Dreaded comes into view.
He is wielding a +0 scythe.
Sigmund gestures wildly while chanting.
Sigmund flickers and vanishes!
Deactivating autopickup; reactivate with Ctrl-A.
There is a strange disturbance nearby!
There is a strange disturbance nearby!
You hear some strange, mumbled words.
You are confused.
You bump into the rock wall.
Something hits you but does no damage.
You feel less confused.
A puff of flame appears from out of thin air!
The puff of flame hits you! Something hits you. Something hits you.
You hit something but do no damage. Something hits you.
You closely miss something. Something hits you.
* * * LOW HITPOINT WARNING * * *
You hit something. Something hits you!
You die...

##. ... ###
#########
#########.......#
#.............#.#
#.####..#.###.#.#
#.####..#.....#.#
#.##.......#$.#@#
##.##.#..#.##..#.#
......#..#.......#
##..............##
###.....###......
##.)....# #..>..##
##......# #.....#
.......###.....##
.#.##### #..<..#


There were no monsters in sight!

Vanquished Creatures
  An adder (D:2)
  7 endoplasms
  2 hobgoblins
  5 jackals (D:1)
  2 kobolds
  3 ball pythons
  2 bats
  2 goblins
  4 rats
28 creatures vanquished.

Notes
Turn   | Place    | Note
-------+----------+-------------------------------------------
     0 | D:1      | lonewolfV2 the Hill Orc Fighter began the quest for the
                  | Orb.
     0 | D:1      | Reached XP level 1. HP: 19/19 MP: 1/1
   226 | D:1      | Reached XP level 2. HP: 26/27 MP: 2/2
   260 | D:1      | Found a faded altar of an unknown god.
   745 | D:2      | Reached XP level 3. HP: 29/33 MP: 3/3
   866 | D:2      | HP: 1/33 [bat (1)]
  1239 | D:2      | Noticed Sigmund
  1261 | D:2      | Slain by Sigmund

Illustrated notes

Levels and vault maps discovered:
D:1:      matt_arrival_grand_opening, layout_basic,
          ebering_ecumenical_altar_mist
D:2:      layout_loops_cross, serial_park_tiny_pond, grunt_ministairs_10,
          uniq_sigmund

Skill      XL: |  1  2  3 |
---------------+----------+-----
Fighting       | 4 |  4.2
Axes           | 3 |  3.3
Armour         | 4 |  4.0
Dodging        | |  0.1
Shields        | |  3.5

Action                   || total
-------------------------++-------
Melee: War axe           ||    81
  Use: Scroll            ||     2
       Potion            ||     1
Armor: Scale mail        ||    38
Dodge: Dodged            ||    38
Block: Buckler           ||    29

Table legend: (Time is in decaauts)
 A = Elapsed time spent in this place.
 B = Non-inter-level travel time spent in this place.
 C = Inter-level travel time spent in this place.
 D = Time resting spent in this place.
 E = Time spent auto-exploring this place.
 F = Levels seen in this place.
 G = Mean time per level.
                   A        B        C        D        E       F      G
               +--------+--------+--------+--------+--------+-----+--------+
         Total |   1292 |   1256 |     36 |    331 |    667 |   2 |  646.0 |
       Dungeon |   1292 |   1256 |     36 |    331 |    667 |   2 |  646.0 |
               +--------+--------+--------+--------+--------+-----+--------+

Top non-repeatable levels by time:
     D:1: 744 daAuts
     D:2: 547 daAuts
